Map: New Repugnancy LE

Players

Rail

  • Race: Protoss Protoss
  • League: Grandmaster
  • Spawn Location: 1:00

Lambo - Winner!

  • Race: Zerg Zerg
  • League: Grandmaster
  • Spawn Location: 7:00

VOD

Have the link to the VOD?

Description

Time

  • Played on: Feb. 5, 2019, 12:05 p.m.
  • Length: 8:26
Show
View Real Time Build Order
Export as new Build Order

Rail Protoss 

Build Orders: 1 Gate Expand, Phoenix Opening 

Get SALT Encoding   

  12  0:00  Probe  
  13  0:12  Probe  
  14  0:19  Pylon  
  14  0:24  Probe  
  15  0:33  Probe  
  15  0:40  Gateway  
  15  0:41  Probe  
  16  0:48  Assimilator  
  17  0:52  Probe  
  18  1:04  Probe  
  19  1:16  Probe  
  20  1:25  Nexus  
  20  1:36  Cybernetics Core  
  20  1:38  Probe  
  21  1:44  Assimilator  
  21  1:50  Probe  
  21  1:53  Pylon  
  22  2:02  Probe  
  23  2:11  Zealot  
  23  2:14  Stargate  
  25  2:17  Probe  
  26  2:24  Warp Gate  
  27  2:30  Probe  
  27  2:37  Gateway  
  27  2:38  Probe  
  27  2:41  Adept  
  30  2:46  Probe  
  31  2:53  Phoenix, Pylon  
  31  2:55  Probe  
  32  3:00  Probe  
  35  3:08  Probe  
  36  3:14  Robotics Facility, Probe  
  36  3:16  Phoenix  
  37  3:20  Probe  
  37  3:26  Probe  
  41  3:31  Pylon  
  41  3:33  Probe  
  42  3:37  Assimilator  
  42  3:40  Probe  
  43  3:42  Phoenix  
  43  3:46  Probe  
  46  3:49  Probe  
  46  3:52  Pylon  
  46  3:54  Probe  
  47  3:57  Probe  
  49  4:02  Probe  
  49  4:07  Phoenix, Probe  
  53  4:15  Assimilator, Probe  
  54  4:19  Probe  
  54  4:22  Immortal  
  59  4:25  Pylon  
  59  4:27  Probe  
  60  4:31  Probe  
  60  4:37  Forge  
  61  4:39  Probe  
  61  4:43  Probe, Pylon  
  61  4:44  Adept, Sentry  
  67  4:50  Pylon  
  67  4:51  Probe  
  68  5:02  Gateway  
  68  5:03  Gateway  
  68  5:10  Immortal  
  68  5:13  Protoss Ground Weapons Level 1  
  68  5:15  Pylon  
  68  5:18  Robotics Bay  
  72  5:22  Sentry  
  72  5:27  Pylon  
  74  5:44  Pylon  
  74  5:47  Nexus  
  75  5:50  Observer  
  75  5:51  Twilight Council  
  75  5:56  Pylon  
  75  5:59  Probe x2  
  75  6:02  Sentry  
  79  6:11  Probe x2, Colossus  
  87  6:22  Assimilator, Probe  
  87  6:23  Extended Thermal Lance  
  87  6:25  Probe  
  88  6:27  Assimilator  
  88  6:30  Probe  
  89  6:33  Probe  
  89  6:38  Probe  
  91  6:42  Gateway  
  91  6:43  Gateway  
  92  6:49  Gateway  
  92  6:55  Probe  
  92  6:57  Probe x2  
  92  6:59  Colossus  
  95  7:05  Probe  
  95  7:08  Shield Battery  
  101  7:09  Probe  
  101  7:10  Photon Cannon  
  101  7:11  Stalker  
  101  7:13  Probe  
  106  7:16  Probe  
  106  7:18  Photon Cannon  
  106  7:21  Photon Cannon  
  107  7:23  Sentry  
  107  7:26  Stalker  
  107  7:28  Probe  
  107  7:29  Probe  
  113  7:30  Pylon  
  113  7:36  Stalker x2  
  117  7:39  Stalker, Sentry  
  117  7:43  Shield Battery  
  121  7:46  Observer  
  121  7:48  Stalker  
  121  7:49  Stalker  
  126  8:01  Stalker, Zealot x2  
  126  8:05  Photon Cannon  
  132  8:10  Stalker  
  120  8:15  Stalker  
  120  8:16  Zealot  
Show
View Real Time Build Order
Export as new Build Order

Lambo Zerg - Winner!

Build Orders: Hatch First 

Get SALT Encoding   

  12  0:01  Drone  
  13  0:12  Overlord  
  13  0:17  Drone  
  14  0:30  Drone x2  
  16  0:49  Hatchery  
  15  0:51  Drone  
  15  0:55  Drone  
  17  0:59  Drone  
  18  1:09  Extractor  
  17  1:14  Spawning Pool  
  17  1:17  Drone  
  17  1:21  Drone  
  18  1:28  Drone  
  19  1:38  Drone  
  20  1:57  Overlord  
  20  2:02  Queen x2  
  20  2:03  Zergling x4  
  26  2:10  Metabolic Boost  
  26  2:13  Drone  
  26  2:14  Drone  
  30  2:22  Drone x2  
  30  2:33  Drone  
  30  2:34  Drone  
  32  2:42  Hatchery  
  31  2:47  Drone  
  31  2:49  Drone  
  33  2:56  Drone  
  36  2:59  Overlord  
  36  3:00  Queen  
  36  3:17  Drone  
  36  3:18  Drone x7  
  43  3:23  Overlord  
  43  3:25  Overlord  
  43  3:37  Lair  
  43  3:39  Overlord  
  43  3:43  Queen  
  43  3:46  Drone, Spore Crawler  
  43  3:47  Drone x2  
  47  3:49  Zergling x2  
  47  3:52  Drone  
  49  3:57  Roach Warren  
  49  3:59  Extractor  
  49  4:00  Extractor  
  49  4:01  Drone  
  49  4:02  Drone  
  48  4:05  Drone  
  48  4:06  Drone  
  50  4:15  Drone, Overlord  
  50  4:16  Drone x3  
  54  4:22  Overlord  
  54  4:27  Drone  
  55  4:31  Spore Crawler  
  55  4:33  Spore Crawler  
  55  4:34  Queen  
  55  4:35  Drone x3  
  55  4:38  Glial Reconstitution  
  57  4:43  Drone x2, Spore Crawler  
  59  4:47  Overlord  
  59  4:50  Drone x2  
  61  4:53  Overlord  
  61  4:55  Drone  
  61  4:58  Drone x2  
  63  5:02  Drone x2  
  63  5:04  Drone x2  
  63  5:06  Drone  
  68  5:10  Queen  
  68  5:12  Overlord  
  70  5:14  Drone  
  70  5:17  Drone x2  
  73  5:21  Drone  
  73  5:23  Extractor, Overlord  
  73  5:25  Extractor  
  72  5:29  Evolution Chamber  
  72  5:35  Overlord  
  70  5:36  Drone  
  70  5:37  Drone x2  
  70  5:38  Drone  
  70  5:39  Drone x2, Overlord  
  76  5:44  Roach x2  
  76  5:45  Roach  
  82  5:50  Burrow  
  82  5:52  Roach  
  82  5:56  Tunneling Claws, Roach x3  
  90  6:00  Roach  
  92  6:08  Roach x2  
  92  6:09  Roach x2  
  97  6:14  Roach  
  97  6:15  Roach x3  
  97  6:17  Zerg Missile Weapons Level 1  
  104  6:20  Roach x2  
  104  6:22  Overlord  
  104  6:25  Roach  
  110  6:28  Roach  
  110  6:31  Roach x2  
  116  6:35  Roach x2  
  116  6:38  Overseer  
  120  6:44  Overlord, Nydus Network  
  120  6:46  Overlord  
  119  6:50  Roach x3  
  119  6:53  Roach x2  
  129  6:59  Overlord  
  129  7:00  Overlord  
  129  7:03  Roach x3  
  135  7:09  Roach x3  
  135  7:11  Roach  
  143  7:20  Nydus Canal  
  143  7:21  Roach x4  
  151  7:24  Roach x2  
  151  7:28  Roach x2  
  159  7:31  Ravager x2, Roach x7  
  159  7:35  Roach x14  
  161  7:41  Roach x3  
  161  7:42  Roach x6  
  161  7:43  Overlord  
  161  7:46  Roach x13  
  155  7:54  Roach x3  
  161  8:01  Nydus Canal  
  161  8:02  Roach x5  
Tags
 
Add a new tag
Caveats
  • Supply blocks, unpowered buildings, or Contaminate may cause inaccurate times.
  • Supply counts are checked every 10 seconds.